BSA
EL DORADO OILERS @ ST CHARLES SHEENS
08/04/2027
 
TOP OF THE 1ST
Birmingham Steeldogs batting - Pitching for St Charles Sheens : LHP Ben Moody
Pitching: LHP Ben Moody
Batting: RHB Nick Webb 0-0: Called Strike
0-1: Called Strike
0-2: Ball
1-2: Foul Ball, location: 2F
1-2: Strikes out swinging
Batting: LHB Ashley Pickhills 0-0: Foul Ball, location: 2F
0-1: Foul Ball, location: 2F
0-2: Foul Ball, location: 2F
0-2: Ball
1-2: Foul Ball, location: 2F
1-2: Foul Ball, location: 2F
1-2: Strikes out swinging
Batting: RHB Valentín Borges 0-0: Foul Ball, location: 2F
0-1: Swinging Strike
0-2: Strikes out swinging
Top of the 1st over - 0 run(s), 0 hit(s), 0 error(s), 0 left on base; Birmingham 0 - St Charles 0
BOTTOM OF THE 1ST
St Charles Sheens batting - Pitching for Birmingham Steeldogs : RHP Francisco Ríos
Pitching: RHP Francisco Ríos
Batting: RHB Jesús Hernández 0-0: Ground out 5-3 (Groundball, 56S)
Batting: RHB Max Rash 0-0: Ball
1-0: Swinging Strike
1-1: Swinging Strike
1-2: SINGLE (Line Drive, 6D)
Batting: LHB Larry Howard 0-0: Ball
1-0: Fly out, F8 (Flyball, 8RD)
Batting: LHB Stan Bates 0-0: Fly out, F3 (Popup, 3)
Bottom of the 1st over - 0 run(s), 1 hit(s), 0 error(s), 1 left on base; Birmingham 0 - St Charles 0
TOP OF THE 2ND
Birmingham Steeldogs batting - Pitching for St Charles Sheens : LHP Ben Moody
Batting: LHB José Hernández 0-0: Ball
1-0: Foul Ball, location: 2F
1-1: Swinging Strike
1-2: Strikes out swinging
Batting: RHB Sixto Vélez 0-0: Called Strike
0-1: Foul Ball, location: 2F
0-2: Strikes out looking
Batting: LHB José Martínez 0-0: Ball
1-0: Swinging Strike
1-1: Foul Ball, location: 2F
1-2: Ball
2-2: Ball
3-2: Strikes out swinging
Top of the 2nd over - 0 run(s), 0 hit(s), 0 error(s), 0 left on base; Birmingham 0 - St Charles 0
BOTTOM OF THE 2ND
St Charles Sheens batting - Pitching for Birmingham Steeldogs : RHP Francisco Ríos
Batting: LHB Marcos Cantú 0-0: Ball
1-0: Ball
2-0: Fly out, F8 (Flyball, 8RS)
Batting: LHB Juan Jose Rojas 0-0: Called Strike
0-1: Ground out 4-3 (Groundball, 4)
Batting: LHB Gene Cooper 0-0: Called Strike
0-1: Foul Ball, location: 2F
0-2: Ball
1-2: Ball
2-2: Foul Ball, location: 2F
2-2: Ground out 4-3 (Groundball, 4)
Bottom of the 2nd over - 0 run(s), 0 hit(s), 0 error(s), 0 left on base; Birmingham 0 - St Charles 0
TOP OF THE 3RD
Birmingham Steeldogs batting - Pitching for St Charles Sheens : LHP Ben Moody
Batting: RHB Yujiro Kurihara 0-0: Swinging Strike
0-1: Swinging Strike
0-2: Strikes out swinging
Batting: RHB Carlos García 0-0: Ball
1-0: Ball
2-0: Ground out 4-3 (Groundball, 4)
Batting: RHB José Carlos Caraballo 0-0: Swinging Strike
0-1: Swinging Strike
0-2: Ball
1-2: Ball
2-2: Foul Ball, location: 2F
2-2: Strikes out swinging
Top of the 3rd over - 0 run(s), 0 hit(s), 0 error(s), 0 left on base; Birmingham 0 - St Charles 0
BOTTOM OF THE 3RD
St Charles Sheens batting - Pitching for Birmingham Steeldogs : RHP Francisco Ríos
Batting: RHB Dan Tyler 0-0: Called Strike
0-1: Called Strike
0-2: Fly out, F4 (Popup, 4MD)
Batting: RHB Kel Pierce 0-0: Ground out 6-3 (Groundball, 6)
Batting: RHB Jesús Hernández 0-0: Ball
1-0: Foul Ball, location: 2F
1-1: Foul Ball, location: 2F
1-2: Ground out 6-3 (Groundball, 6)
Bottom of the 3rd over - 0 run(s), 0 hit(s), 0 error(s), 0 left on base; Birmingham 0 - St Charles 0
TOP OF THE 4TH
Birmingham Steeldogs batting - Pitching for St Charles Sheens : LHP Ben Moody
Batting: RHB Nick Webb 0-0: Called Strike
0-1: Ball
1-1: Ground out 5-3 (Groundball, 56)
Batting: LHB Ashley Pickhills 0-0: Foul Ball, location: 2F
0-1: Ball
1-1: Fly out, F7 (Flyball, 78S)
Batting: RHB Valentín Borges 0-0: Called Strike
0-1: Foul Ball, location: 2F
0-2: Ground out 1-3 (Groundball, 15S)
Top of the 4th over - 0 run(s), 0 hit(s), 0 error(s), 0 left on base; Birmingham 0 - St Charles 0
BOTTOM OF THE 4TH
St Charles Sheens batting - Pitching for Birmingham Steeldogs : RHP Francisco Ríos
Batting: RHB Max Rash 0-0: Ball
1-0: Bunted foul
1-1: SINGLE (Groundball, 34D)
Batting: LHB Larry Howard 0-0: Ball
1-0: Ball
2-0: Called Strike
2-1: DOUBLE (Line Drive, 78XD)
Max Rash to third
Batting: LHB Stan Bates 0-0: Ball
1-0: Ball
2-0: Foul Ball, location: 2F
2-1: Ball
3-1: Foul Ball, location: 2F
3-2: Foul Ball, location: 2F
3-2: Ground out 6-3 (Groundball, 6)
Max Rash scores
Larry Howard to third
Batting: LHB Marcos Cantú 0-0: Ball
1-0: Ball
2-0: Ball
3-0: Base on Balls
Batting: LHB Juan Jose Rojas 0-0: Ball
1-0: Foul Ball, location: 2F
1-1: Called Strike
1-2: Foul Ball, location: 2F
1-2: Foul Ball, location: 2F
1-2: Strikes out swinging
Batting: LHB Gene Cooper 0-0: Ball
1-0: Foul Ball, location: 2F
1-1: Ball
2-1: Fly out, F8 (Flyball, 89S)
Bottom of the 4th over - 1 run(s), 2 hit(s), 0 error(s), 2 left on base; Birmingham 0 - St Charles 1
TOP OF THE 5TH
Birmingham Steeldogs batting - Pitching for St Charles Sheens : LHP Ben Moody
Batting: LHB José Hernández 0-0: Called Strike
0-1: Ball
1-1: Ball
2-1: Called Strike
2-2: Ground out U3 (Groundball, 3)
Batting: RHB Sixto Vélez 0-0: Called Strike
0-1: Foul Ball, location: 2F
0-2: Ball
1-2: Strikes out swinging
Batting: LHB José Martínez 0-0: Ball
1-0: Ball
2-0: Called Strike
2-1: Foul Ball, location: 2F
2-2: Foul Ball, location: 2F
2-2: Strikes out swinging
Top of the 5th over - 0 run(s), 0 hit(s), 0 error(s), 0 left on base; Birmingham 0 - St Charles 1
BOTTOM OF THE 5TH
St Charles Sheens batting - Pitching for Birmingham Steeldogs : RHP Francisco Ríos
Batting: RHB Dan Tyler 0-0: Ball
1-0: Fly out, F8 (Flyball, 78M)
Batting: RHB Kel Pierce 0-0: Ground out 6-3 (Groundball, 6M)
Batting: RHB Jesús Hernández 0-0: Ball
1-0: Ball
2-0: Ball
3-0: Base on Balls
Batting: RHB Max Rash 0-0: Ground out 1-3 (Groundball, 15S)
Bottom of the 5th over - 0 run(s), 0 hit(s), 0 error(s), 1 left on base; Birmingham 0 - St Charles 1
TOP OF THE 6TH
Birmingham Steeldogs batting - Pitching for St Charles Sheens : LHP Ben Moody
Batting: RHB Yujiro Kurihara 0-0: Called Strike
0-1: Ball
1-1: Ball
2-1: Ground out 5-3 (Groundball, 56)
Batting: RHB Carlos García 0-0: Swinging Strike
0-1: Foul Ball, location: 2F
0-2: Strikes out swinging
Batting: RHB José Carlos Caraballo 0-0: Ball
1-0: Swinging Strike
1-1: Ball
2-1: Foul Ball, location: 2F
2-2: Foul Ball, location: 2F
2-2: Ball
3-2: Foul Ball, location: 2F
3-2: Fly out, F2 (Popup, 2R)
Top of the 6th over - 0 run(s), 0 hit(s), 0 error(s), 0 left on base; Birmingham 0 - St Charles 1
BOTTOM OF THE 6TH
St Charles Sheens batting - Pitching for Birmingham Steeldogs : RHP Francisco Ríos
Batting: LHB Larry Howard 0-0: Called Strike
0-1: Called Strike
0-2: Fly out, F8 (Flyball, 8RM)
Batting: LHB Stan Bates 0-0: Swinging Strike
0-1: Swinging Strike
0-2: Ball
1-2: Ground out 5-3 (Groundball, 56S)
Batting: LHB Marcos Cantú 0-0: Foul Ball, location: 2F
0-1: Ball
1-1: Ball
2-1: Foul Ball, location: 2F
2-2: Strikes out swinging
Bottom of the 6th over - 0 run(s), 0 hit(s), 0 error(s), 0 left on base; Birmingham 0 - St Charles 1
TOP OF THE 7TH
Birmingham Steeldogs batting - Pitching for St Charles Sheens : LHP Ben Moody
Batting: RHB Nick Webb 0-0: Called Strike
0-1: Foul Ball, location: 2F
0-2: Ground out 5-3 (Groundball, 56)
Batting: LHB Ashley Pickhills 0-0: Foul Ball, location: 2F
0-1: Swinging Strike
0-2: Foul Ball, location: 2F
0-2: Ball
1-2: Strikes out swinging
Batting: RHB Valentín Borges 0-0: Ball
1-0: Swinging Strike
1-1: Swinging Strike
1-2: Ball
2-2: Strikes out swinging
Top of the 7th over - 0 run(s), 0 hit(s), 0 error(s), 0 left on base; Birmingham 0 - St Charles 1
BOTTOM OF THE 7TH
St Charles Sheens batting - Pitching for Birmingham Steeldogs : RHP Francisco Ríos
Batting: LHB Juan Jose Rojas 0-0: Ball
1-0: Called Strike
1-1: Ball
2-1: Called Strike
2-2: Foul Ball, location: 2F
2-2: Foul Ball, location: 2F
2-2: Foul Ball, location: 2F
2-2: Ball
3-2: Ground out 1-3 (Groundball, 15)
Batting: LHB Gene Cooper 0-0: Called Strike
0-1: Ball
1-1: Ball
2-1: Swinging Strike
2-2: Strikes out swinging
Batting: RHB Dan Tyler 0-0: Foul Ball, location: 2F
0-1: Ball
1-1: DOUBLE (Flyball, 78D)
Pitching: RHP Craig Draper
Batting: RHB Kel Pierce 0-0: Called Strike
0-1: Foul Ball, location: 2F
0-2: Strikes out swinging
Bottom of the 7th over - 0 run(s), 1 hit(s), 0 error(s), 1 left on base; Birmingham 0 - St Charles 1
TOP OF THE 8TH
Birmingham Steeldogs batting - Pitching for St Charles Sheens : LHP Ben Moody
Batting: LHB José Hernández 0-0: Called Strike
0-1: Called Strike
0-2: Strikes out looking
Batting: RHB Sixto Vélez 0-0: Ball
1-0: Foul Ball, location: 2F
1-1: Ball
2-1: Fly out, F4 (Popup, 4S)
Batting: LHB José Martínez 0-0: Called Strike
0-1: Swinging Strike
0-2: Strikes out swinging
Top of the 8th over - 0 run(s), 0 hit(s), 0 error(s), 0 left on base; Birmingham 0 - St Charles 1
BOTTOM OF THE 8TH
St Charles Sheens batting - Pitching for Birmingham Steeldogs : RHP Craig Draper
Batting: RHB Jesús Hernández 0-0: Ball
1-0: Called Strike
1-1: Ball
2-1: Fly out, F9 (Flyball, 89D)
Batting: RHB Max Rash 0-0: Ball
1-0: Ball
2-0: Foul Ball, location: 2F
2-1: Called Strike
2-2: Ground out 3-1 (Groundball, 34)
Batting: LHB Larry Howard 0-0: Fly out, F4 (Popup, 34D)
Bottom of the 8th over - 0 run(s), 0 hit(s), 0 error(s), 0 left on base; Birmingham 0 - St Charles 1
TOP OF THE 9TH
Birmingham Steeldogs batting - Pitching for St Charles Sheens : LHP Ben Moody
Batting: RHB Yujiro Kurihara 0-0: Ball
1-0: Ball
2-0: Foul Ball, location: 2F
2-1: Ground out 4-3 (Groundball, 4)
Batting: RHB Carlos García 0-0: Foul Ball, location: 2F
0-1: Foul Ball, location: 2F
0-2: Strikes out swinging
Batting: RHB José Carlos Caraballo 0-0: Called Strike
0-1: Fly out, F6 (Line Drive, 56)
Top of the 9th over - 0 run(s), 0 hit(s), 0 error(s), 0 left on base; Birmingham 0 - St Charles 1
Thursday, March 30th, 2017 - OOTP Baseball 17.12 Build 75